 Dungeon Crawl Stone Soup version 0.28-a0-445-g51f8dfeb47 (webtiles) character file.

Game seed: 17893722573738051372

168 Dabor the Grave Robber (level 5, -6/38 HPs)
             Began as a Mummy Necromancer on Sept 13, 2021.
             Was a Priest of Lugonu.
             Killed by divine providence
             ... invoked by an orc priest
              (14 damage)
             ... on level 4 of the Dungeon.
             The game lasted 00:12:18 (3512 turns).

Dabor the Grave Robber (Mummy Necromancer)          Turns: 3512, Time: 00:12:18

Health: -6/38      AC:  3    Str: 11    XL:     5   Next: 23%
Magic:  7/10       EV: 12    Int: 15    God:    Lugonu [***...]
Gold:   96         SH:  0    Dex: 13    Spells: 9/11 levels left

rFire   x . .      SeeInvis .   h - +0 short sword (vamp)
rCold   + . .      Faith    .   (no shield)
rNeg    + + +      Spirit   .   a - +0 robe
rPois   ∞          Reflect  .   (no helmet)
rElec   .          Harm     .   (no cloak)
rCorr   .          Rampage  .   j - +0 pair of gloves
Will    .....                   (no boots)
Stlth   ++........              (no amulet)
HPRegen 0.12/turn               (no ring)
MPRegen 0.12/turn               (no ring)

@: no status effects
A: cold resistance 1, negative energy resistance 3, torment resistance 2, heat
vulnerability 1, no potions
a: Renounce Religion, Depart the Abyss, Bend Space, Banish


You were on level 4 of the Dungeon.
You worshipped Lugonu.
Lugonu was most pleased with you.
You visited 1 branch of the dungeon, and saw 4 of its levels.

You collected 96 gold pieces.

Inventory:

Hand Weapons
 d - a +0 short sword
 h - a +0 vampiric short sword (weapon)
Armour
 a - a +0 robe (worn)
 j - a +0 pair of gloves (worn)
Jewellery
 c - a ring of wizardry
Wands
 i - a wand of acid (12)
 m - a wand of iceblast (4)
 n - a wand of polymorph (8)
Scrolls
 b - a scroll of magic mapping {unknown}
 e - a scroll of noise {unknown}
 f - 2 scrolls of fog {unknown}
 g - 3 scrolls of identify {unknown}
 k - a scroll of torment {unknown}
 l - 2 scrolls of teleportation {unknown}


   Skills:
 + Level 2.0 Fighting
 + Level 2.4 Dodging
 + Level 2.6 Stealth
 + Level 3.7 Spellcasting
 + Level 4.5 Necromancy


You had 9 spell levels left.
You knew the following spells:

 Your Spells              Type           Power      Damage    Failure   Level
a - Pain                  Necr           64%        1d7       2%          1
b - Animate Skeleton      Necr           32%        N/A       2%          1

Your spell library contained the following spells:

 Spells                   Type           Power      Damage    Failure   Level
 Vampiric Draining        Necr           8%         2d7       9%          3
 Corpse Rot               Necr/Air       N/A        N/A       11%         2
 Poisonous Vapours        Pois/Air       4%         N/A       28%         2
 Animate Dead             Necr           8%         N/A       28%         4
 Agony                    Necr           16%        N/A       61%         5


Dungeon Overview and Level Annotations

Branches:
Dungeon (4/15)
 Temple: D:4-7

Altars:
Nemelex Xobeh
Beogh
Lugonu


Innate Abilities, Weirdness & Mutations

You are immune to poison.
Your flesh is cold resistant. (rC+)
You are immune to negative energy. (rN+++)
You are immune to unholy pain and torment.
You are vulnerable to heat. (rF-)
You do not drink.


Message History

HP restored.
You climb downwards.
The orc misses you.
There is a stone staircase leading up here.
The orc writhes in agony.
The orc closely misses you.
The orc writhes in agony.
You kill the orc!
Lugonu accepts your kill.
Casting: Pain (safe; 2% risk of failure)
Confirm with . or Enter, or press ? or * to list all spells.
You attempt to give life to the dead...
Before your eyes, flesh is ripped from the corpse!
The dead are walking!
The howler monkey skeleton hits your orc skeleton.
The orc priest calls down the wrath of Beogh upon you.
Beogh smites you!
The howler monkey skeleton hits your orc skeleton.
Your orc skeleton is destroyed!
You hit the orc priest but do no damage.
The orc priest hits you with a +0 trident.
You hit the orc priest.
The orc priest is lightly wounded.
The orc priest hits you with a +0 trident.
You completely miss the orc priest.
The orc priest is lightly wounded.
The orc priest misses you.
The orc priest writhes in agony.
The orc priest hits you with a +0 trident.
The howler monkey skeleton hits you.
You are too injured to fight recklessly!
You are too injured to fight recklessly!
The orc priest misses you.
The howler monkey skeleton barely misses you.
The howler monkey skeleton closely misses you.
The orc priest hits you from afar with a +0 trident.
* * * LOW HITPOINT WARNING * * *
The howler monkey skeleton hits you.
* * * LOW HITPOINT WARNING * * *
The orc priest invokes the aid of Beogh against you.
Beogh smites you!
You die...

# #.#.#. ######.## ..
..###.##.#.#..##### #.## .. .
.......<.≈≈≈≈≈≈≈≈≈## #.## ..#.
.########≈#≈≈≈≈≈#≈.## #.## ....
#.≈#≈###≈#≈#.## #.## ..#
#######.≈#≈≈≈≈≈#≈##.####.## #..
#.......≈≈≈≈≈≈≈≈≈........##
##.####.######.).....#.##.#######
........# #..@....#.#.## #
##.###..# #.Z........## # #.#
#.o# #.#o..###.## # #.# #..#
#.........########## #o###..#
#.##................
#..##.)######.##################
##o##..o).o...# .Z##.########
.8.###


You could see an orc priest and a howler monkey skeleton.

Vanquished Creatures
  An orc priest (D:4)
  Ijyb (D:3)
  2 adders
  3 gnolls (D:2)
  A worm (D:2)
  3 dart slugs
  3 orcs (D:4)
  4 bats
  4 endoplasms
  2 giant cockroaches (D:1)
  4 goblins
  4 hobgoblins
  2 jackals (D:1)
  A quokka (D:1)
  5 ball pythons
  2 frilled lizards (D:1)
  7 kobolds
  5 rats
54 creatures vanquished.

Vanquished Creatures (collateral kills)
  A ball python (D:1)
  A quokka (D:1)
  A frilled lizard (D:1)
  A rat (D:1)
4 creatures vanquished.

Grand Total: 58 creatures vanquished

Notes
Turn   | Place    | Note
-------+----------+-------------------------------------------
     0 | D:1      | Dabor the Mummy Necromancer began the quest for the Orb.
     0 | D:1      | Reached XP level 1. HP: 13/13 MP: 4/4
     5 | D:1      | Learned a level 1 spell: Animate Skeleton
    15 | D:1      | Found a faded altar of an unknown god.
    32 | D:1      | Became a worshipper of Lugonu the Unformed
    32 | D:1      | Reached * piety under Lugonu
    32 | D:1      | Reached ** piety under Lugonu
   109 | D:1      | Reached XP level 2. HP: 20/20 MP: 1/5
   555 | D:1      | Reached skill level 1 in Fighting
   570 | D:1      | Reached XP level 3. HP: 15/26 MP: 1/7
  1798 | D:2      | Reached XP level 4. HP: 32/32 MP: 2/9
  2291 | D:3      | Found a sparkling altar of Nemelex Xobeh.
  2312 | D:3      | Noticed Ijyb
  2607 | D:3      | Killed Ijyb
  3328 | D:4      | Reached *** piety under Lugonu
  3329 | D:4      | Reached XP level 5. HP: 18/38 MP: 6/10
  3512 | D:4      | Killed from afar by an orc priest

Illustrated notes

Levels and vault maps discovered:
D:1:      saegor_arrival_simple_a, layout_basic,
          hellmonk_ecumenical_altar_lost_god
D:2:      layout_loops_ring, minmay_misc_feat_rows
D:3:      layout_basic, overflow_temple_1_default, uniq_ijyb
D:4:      layout_loops_ring, hangedman_decor_diamond_cutter,
          minmay_crystal_water, minmay_misc_feat_plants, minmay_misc_feat_x,
          minivault_23, kennysheep_orc_chapel

Skill      XL: |  1  2  3  4  5 |
---------------+----------------+-----
Spellcasting   | 3 |  3.7
Fighting       | 1 2 |  2.0
Stealth        | 2 |  2.6
Dodging        | 2 |  2.4
Necromancy     | |  4.5

Action                   |  1- 3 |  4- 6 || total
-------------------------+-------+-------++-------
Melee: Short sword       |    36 |    11 ||    47
       Unarmed           |     3 |       ||     3
 Cast: Pain              |    63 |    62 ||   125
       Animate Skeleton  |    12 |     3 ||    15
Armor: Robe              |    13 |     1 ||    14
Dodge: Dodged            |    43 |    22 ||    65

Table legend: (Time is in decaauts)
 A = Elapsed time spent in this place.
 B = Non-inter-level travel time spent in this place.
 C = Inter-level travel time spent in this place.
 D = Time resting spent in this place.
 E = Time spent auto-exploring this place.
 F = Levels seen in this place.
 G = Mean time per level.
                   A        B        C        D        E       F      G
               +--------+--------+--------+--------+--------+-----+--------+
         Total |   3517 |   3470 |     47 |    773 |   1731 |   4 |  879.2 |
       Dungeon |   3517 |   3470 |     47 |    773 |   1731 |   4 |  879.2 |
               +--------+--------+--------+--------+--------+-----+--------+

Top non-repeatable levels by time:
     D:1: 1279 daAuts
     D:3: 919 daAuts
     D:2: 849 daAuts
     D:4: 470 daAuts
